 Dungeon Crawl Stone Soup version 0.22.1-6-g1668fe2c40 (webtiles) character file.

1972 Jerry the Skirmisher (level 9, -1/72 HPs)
             Began as a Demonspawn Gladiator on Jan 29, 2019.
             Was an Initiate of Okawaru.
             Killed from afar by an electric eel (9 damage)
             ... with a bolt of electricity
             ... on level 6 of the Dungeon.
             The game lasted 00:18:46 (7422 turns).

Jerry the Skirmisher (Demonspawn Gladiator)         Turns: 7422, Time: 00:18:47

Health: -1/72      AC: 13    Str: 19    XL:     9   Next: 0%
Magic:  9/9        EV: 12    Int:  9    God:    Okawaru [......]
Gold:   9          SH:  0    Dex: 14    Spells: 8/8 levels left

rFire    + + .     SeeInvis .   a - +0 long sword
rCold    + + .     Gourm    .   (no shield)
rNeg     . . .     Faith    .   m - +0 leather armour {rC+}
rPois    .         Spirit   .   c - +0 helmet
rElec    .         Reflect  .   B - +0 cloak
rCorr    .         Harm     .   z - +2 pair of gloves
MR       .....                  (no boots)
Stlth    +.........             (no amulet)
HPRegen  0.22/turn              l - ring of protection from fire
MPRegen  0.11/turn              (no ring)

@: no status effects
A: hooves 1, molten scales 3, cold resistance 1, powered by death 1, freezing
cloud immunity
a: Renounce Religion


You were on level 6 of the Dungeon.
You worshipped Okawaru.
Okawaru was noncommittal.
You were hungry.

You visited 2 branches of the dungeon, and saw 7 of its levels.
You also visited: Sewer.

You collected 228 gold pieces.
You spent 219 gold pieces at shops.

Inventory:

Hand Weapons
 a - a +0 long sword (weapon)
 w - a +0 short sword of speed
Missiles
 d - 3 throwing nets (quivered)
Armour
 c - a +0 helmet (worn)
 m - a +0 leather armour of cold resistance (worn)
 z - a +2 pair of gloves (worn)
 A - a +1 hat
 B - a +0 cloak (worn)
Jewellery
 l - a ring of protection from fire (left hand)
Wands
 x - a wand of random effects (19)
 y - a wand of flame (20)
Scrolls
 b - 3 scrolls of teleportation {unknown}
 e - 5 scrolls of magic mapping {unknown}
 g - 2 scrolls of fear {unknown}
 h - 4 scrolls of remove curse {unknown}
 i - 3 scrolls of amnesia {unknown}
 k - 10 scrolls of identify {unknown}
 p - a scroll of immolation {unknown}
 q - a scroll of blinking {unknown}
 s - 4 scrolls of enchant weapon {unknown}
 D - a scroll of random uselessness {unknown}
 F - a scroll of fog {unknown}
Potions
 j - 3 potions of ambrosia {unknown}
 n - a potion of might
 o - 4 potions of agility {unknown}
 r - a potion of resistance {unknown}
 t - 6 potions of curing
 u - 4 potions of heal wounds
 v - 3 potions of brilliance {unknown}
 E - a potion of flight {unknown}
Comestibles
 f - 12 rations


   Skills:
 + Level 7.0 Fighting
 + Level 6.8 Long Blades
 - Level 1.7 Throwing
 + Level 6.0 Armour
 - Level 2.6 Dodging
 + Level 0.0 Invocations


You had 8 spell levels left.
You didn't know any spells.
Your spell library contained the following spells:

 Spells                   Type           Power        Failure   Level  Hunger
 Corona                   Hex            #......      43%         1    ##.....
 Ensorcelled Hibernation  Hex/Ice        #.....       56%         2    ###....
 Confuse                  Hex            #.......     80%         3    ####...
 Dazzling Spray           Conj/Hex       #.....       80%         3    ####...
 Tukima's Dance           Hex            #.......     80%         3    ####...


Dungeon Overview and Level Annotations

Branches:
Dungeon (6/15)             Temple (1/1) D:6

Altars:
Ashenzari
Cheibriados
Fedhas
Gozag
Hepliaklqana
Kikubaaqudgha
Makhleb
Okawaru
Ru
Sif Muna
Trog
Uskayaw
Wu Jian
Zin

Shops:
D:4 *   D:5 [   D:6 !


Innate Abilities, Weirdness & Mutations

You have large cloven feet.
You are completely covered in molten scales. (AC +4, rF+)
Your flesh is cold resistant. (rC+)
You regenerate a little health from kills.
You are immune to freezing clouds.


Message History

You hit the electric eel.
The electric eel is heavily wounded.
The electric eel shoots out a bolt of lightning at you!
The bolt of electricity misses you. The bolt of electricity hits you!
You barely miss the electric eel. You kick the electric eel.
The electric eel is severely wounded.
The electric eel shoots out a bolt of lightning at you!
The bolt of electricity misses you. The bolt of electricity hits you!
You closely miss the electric eel. Your kick misses the electric eel.
The electric eel is severely wounded.
The electric eel shoots out a bolt of lightning at you!
The bolt of electricity misses you. The bolt of electricity hits you!
* * * LOW HITPOINT WARNING * * *
You barely miss the electric eel.
The electric eel is severely wounded.
The electric eel shoots out a bolt of lightning at you!
The bolt of electricity hits you!
* * * LOW HITPOINT WARNING * * *
The bolt of electricity hits you!
You die...

#.....#####. ≈#
#.###....... ≈≈ #.#
#######. #≈ #####.# ##
#≈ ..##)####### # #≈
#)##[).)...##
#≈###.#######...###
####≈.#...#...........
#≈≈≈;@..#!#.####...###
#≈≈##≈##.+∩'.##.8[###
#≈≈ ###+###.....# #≈≈.
.###8.>.8#### #≈≈..
.............. ≈≈≈..#
.....#.8.#.... ####..
...#...##.###. #.#
..##### #.# . . #.#


You could see an electric eel.

Vanquished Creatures
  Pikel (D:4)
  Grinder (D:4)
  Sigmund (D:4)
  A slave (D:4)
  An ogre (D:5)
  A centaur (D:4)
  A big kobold (Sewer)
  A howler monkey (D:4)
  A centaur zombie (D:5)
  A hound (D:4)
  A bullfrog skeleton (D:5)
  2 orc priests (D:4)
  Crazy Yiuf (D:3)
  9 orc wizards
  Jessica (D:2)
  An iguana (D:5)
  Natasha (thrice) (D:3)
  4 worker ants
  A hound skeleton (D:5)
  3 gnolls (D:5)
  7 adders
  4 river rats (Sewer)
  A shadow imp (D:5)
  An ooze (D:2)
  A worm (D:2)
  An adder skeleton (D:4)
  3 dart slugs
  3 leopard geckos
  14 orcs
  8 ball pythons
  3 bats
  5 giant cockroaches
  9 hobgoblins
  24 kobolds
  4 quokkas
  5 frilled lizards
  6 goblins
  36 rats
  A fungus (D:3)
172 creatures vanquished.

Notes
Turn   | Place    | Note
-------+----------+-------------------------------------------
     0 | D:1      | Jerry the Demonspawn Gladiator began the quest for the Orb.
     0 | D:1      | Reached XP level 1. HP: 16/16 MP: 1/1
   198 | D:1      | Gained mutation: You regenerate a little health from kills.
                  | [demonic ancestry]
   198 | D:1      | Reached XP level 2. HP: 8/22 MP: 2/2
   864 | D:1      | Reached skill level 1 in Armour
  1515 | D:2      | Gained mutation: You are partially covered in molten
                  | scales. (AC +2) [demonic ancestry]
  1515 | D:2      | Reached XP level 3. HP: 28/28 MP: 3/3
  1517 | D:2      | Noticed Jessica
  1532 | D:2      | Killed Jessica
  1761 | D:2      | Gained mutation: Your flesh is cold resistant. (rC+)
                  | [demonic ancestry]
  1761 | D:2      | Reached XP level 4. HP: 16/34 MP: 4/4
  2029 | D:2      | Reached skill level 3 in Fighting
  2642 | D:3      | Found a glowing drain.
  2664 | Sewer    | Entered a sewer
  2778 | Sewer    | Noticed a big kobold
  2797 | Sewer    | Killed a big kobold
  2797 | Sewer    | Reached XP level 5. HP: 30/41 MP: 5/5
  3709 | D:3      | Gained mutation: You have large cloven feet. [demonic
                  | ancestry]
  3709 | D:3      | Reached XP level 6. HP: 43/48 MP: 6/6
  3832 | D:3      | Noticed Natasha
  3834 | D:3      | Killed Natasha
  3834 | D:3      | Reached skill level 4 in Fighting
  4216 | D:3      | Noticed Natasha
  4227 | D:3      | Killed Natasha
  4625 | D:3      | Noticed Natasha
  4641 | D:3      | Killed Natasha
  4728 | D:3      | Found a runed door.
  4732 | D:3      | Noticed Crazy Yiuf
  4740 | D:3      | Killed Crazy Yiuf
  5250 | D:4      | Gained mutation: You are mostly covered in molten scales.
                  | (AC +3) [demonic ancestry]
  5250 | D:4      | Reached XP level 7. HP: 55/55 MP: 7/7
  5272 | D:4      | Reached skill level 5 in Long Blades
  5281 | D:4      | Reached skill level 5 in Fighting
  5444 | D:4      | Noticed Grinder
  5455 | D:4      | Paralysed by Grinder for 7 turns
  5470 | D:4      | Killed Grinder
  5753 | D:4      | Found Cymeukku's Assorted Antiques.
  5761 | D:4      | Bought a scroll labeled YRPHEU FEWKUMNU for 25 gold pieces
  5761 | D:4      | Bought 3 scrolls labeled BISIRUI BEPI for 75 gold pieces
  5761 | D:4      | Bought a scroll labeled ZEMESI TUDUNT for 25 gold pieces
  5761 | D:4      | Bought an amethyst potion for 22 gold pieces
  5776 | D:4      | Gained mutation: You are immune to freezing clouds.
                  | [demonic ancestry]
  5776 | D:4      | Reached XP level 8. HP: 58/63 MP: 8/8
  5808 | D:4      | Noticed Sigmund
  5819 | D:4      | Killed Sigmund
  5852 | D:4      | Noticed Pikel
  5926 | D:4      | Killed Pikel
  5926 | D:4      | Reached skill level 6 in Fighting
  5926 | D:4      | Reached skill level 5 in Armour
  6133 | D:4      | Found an opulent altar of Gozag.
  6456 | D:5      | Entered Level 5 of the Dungeon
  6739 | D:5      | Found Zekle's Armour Shop.
  7125 | D:6      | Reached skill level 7 in Fighting
  7138 | D:6      | Found a staircase to the Ecumenical Temple.
  7143 | D:6      | Gained mutation: You are completely covered in molten
                  | scales. (AC +4, rF+) [demonic ancestry]
  7143 | D:6      | Reached XP level 9. HP: 70/72 MP: 9/9
  7161 | Temple   | Entered the Ecumenical Temple
  7363 | Temple   | Became a worshipper of Warmaster Okawaru
  7405 | D:6      | Found Foimyt's Distillery.
  7408 | D:6      | Bought a potion of heal wounds for 60 gold pieces
  7408 | D:6      | Bought a potion of degeneration for 12 gold pieces
  7422 | D:6      | Killed from afar by an electric eel

Skill      XL: |  1  2  3  4  5  6  7  8 |
---------------+-------------------------+-----
Long Blades    | 3 4 5 6 |  6.8
Armour         | 1 2 3 4 6 |  6.0
Fighting       | 3 4 5 7 |  7.0
Throwing       | |  1.7
Dodging        | |  2.6

Action                   |  1- 3 |  4- 6 |  7- 9 || total
-------------------------+-------+-------+-------++-------
Melee: Long sword        |   105 |   270 |   185 ||   560
       Kick              |       |    34 |    61 ||    95
Evoke: Wand              |       |     1 |     6 ||     7
  Use: Potion            |       |     1 |     2 ||     3
 Stab: Sleeping          |     1 |     1 |       ||     2
  Eat: Chunk             |     3 |    11 |     7 ||    21
Armor: Leather armour    |    41 |    81 |    92 ||   214
Dodge: Dodged            |    76 |   197 |   121 ||   394
       Rpst.: Long sword |    17 |    59 |    31 ||   107
